 Dungeon Crawl Stone Soup version 0.18.1-50-g88ac8fd (console) character file.

72179 Kloppie the Severer (level 15, -4/216 HPs)
             Began as a Hill Orc Berserker on Sept 16, 2016.
             Was a High Priest of Trog.
             Slain by an ettin
             ... wielding a cursed -3 great mace
              (17 damage)
             ... on level 12 of the Dungeon.
             The game lasted 00:29:04 (19939 turns).

Kloppie the Severer (Hill Orc Berserker)           Turns: 19939, Time: 00:29:04

Health: -4/216     AC: 25    Str: 32    XL:     15   Next: 39%
Magic:  19/19      EV:  8    Int: 11    God:    Trog [*****.]
Gold:   1080       SH:  0    Dex:  6    Spells: 0 memorised, 14 levels left

rFire  + . .     SeeInvis .     a - +8 battleaxe (chop)
rCold  + . .     Gourm    .     W - +2 plate armour {rF+}
rNeg   . . .     Faith    .     (shield currently unavailable)
rPois  .         Spirit   .     t - +1 helmet
rElec  +         Dismiss  .     u - +0 cloak of the Game of Kings {+Inv rC+ Int+4 Dex-4}
rCorr  .         Reflect  .     Y - +1 pair of gloves "Jiupulan" {rElec}
SustAt .         Harm     .     (no boots)
MR     +++..                    (no amulet)
Stlth  ..........               p - +1 ring of protection
                                j - +4 ring of slaying

@: berserking, regenerating, very quick, extremely resistant to hostile
enchantments, extremely unstealthy
A: no striking features
a: Berserk, Trog's Hand, Brothers in Arms, Burn Spellbooks, Renounce Religion,
Evoke Invisibility


You were on level 12 of the Dungeon.
You worshipped Trog.
Trog was extremely pleased with you.
You were not hungry.

You visited 2 branches of the dungeon, and saw 19 of its levels.

You collected 1431 gold pieces.
You spent 351 gold pieces at shops.

Inventory:

Hand Weapons
 a - a +8 battleaxe of chopping (weapon)
 b - a +2 hand axe of flaming
Armour
 t - a +1 helmet (worn)
 u - the +0 cloak of the Game of Kings (worn) {+Inv rC+ Int+4 Dex-4}
   (You acquired it on level 4 of the Lair of Beasts)

   It affects your intelligence (+4).
   It affects your dexterity (-4).
   It protects you from cold.
   It lets you turn invisible.
 W - a +2 plate armour of fire resistance (worn)
 Y - the +1 pair of gloves "Jiupulan" (worn) {rElec}
   (You bought it in a shop on level 10 of the Dungeon)

   It insulates you from electricity.
Rods
 A - a +0 rod of clouds (12/12)
   (You found it on level 4 of the Dungeon)
Jewellery
 i - an uncursed ring of fire
 j - a +4 ring of slaying (left hand)
 l - an uncursed ring of flight
 p - a +1 ring of protection (right hand)
 r - an uncursed ring of see invisible
 B - an uncursed ring of sustain attributes
Wands
 f - a wand of digging (24/24)
 H - a wand of hasting (2/9)
 M - a wand of confusion (23/48)
Scrolls
 e - 5 scrolls of remove curse
 g - 4 scrolls of magic mapping
 n - 3 scrolls of enchant armour
 o - 3 scrolls of fog
 q - 5 scrolls of teleportation
 v - 4 scrolls of fear
 w - 7 scrolls of recharging
 I - 3 scrolls of blinking
 K - a scroll of torment {unknown}
Potions
 d - 17 potions of curing
 h - a potion of berserk rage
 k - 2 potions of lignification
 m - 3 potions of flight
 z - a potion of resistance
 C - 3 potions of heal wounds
 E - 3 potions of agility
 G - 4 potions of might {unknown}
 J - 2 potions of cancellation {unknown}
 L - 4 potions of mutation {unknown}
 N - a potion of degeneration {unknown}
 S - 3 potions of magic
 Z - a potion of haste {unknown}
Books
 y - a book of Burglary

   Spells                             Type                      Level
   a - Swiftness                      Charms/Air                   2
   b - Passwall                       Transmutation/Earth          2
   c - Passage of Golubria            Translocation                4
   d - Lee's Rapid Deconstruction     Earth                        5
   e - Darkness                       Hexes                        6
   f - Invisibility                   Hexes                        6
   Trog disapproves of the use of such an item.
 P - a Fen Folio

   Spells                             Type                      Level
   a - Corpse Rot                     Necromancy                   2
   b - Stone Arrow                    Conjuration/Earth            3
   c - Leda's Liquefaction            Hexes/Earth                  4
   d - Summon Forest                  Summoning/Translocation      5
   e - Hydra Form                     Transmutation                6
   f - Summon Hydra                   Summoning                    7
   Trog disapproves of the use of such an item.
Miscellaneous
 D - a lamp of fire
 F - a disc of storms
 O - a stone of tremors
 Q - a box of beasts
Comestibles
 c - 6 bread rations
 s - 3 chunks of flesh
 x - 13 meat rations
 R - 6 slices of pizza


   Skills:
 + Level 16.0 Fighting
 - Level 20.3 Axes
 - Level 12.8 Armour
 - Level 1.5 Dodging
 + Level 6.2 Evocations


You had 14 spell levels left.
You didn't know any spells.

Dungeon Overview and Level Annotations

Branches:
Dungeon (12/15)            Temple (0/1) D:7            Lair (7/8) D:10
 Shoals (0/4) Lair:6        Snake (0/4) Lair:3          Orc (0/2) D:12
  Slime: Lair:6-8

Altars:
Ashenzari
Pakellas
Trog

Shops:
D:6 (   D:10 [

Annotations:
D:11 2 runed doors
Lair:3 exclusion: oklob plant


Message History

* * * LOW HITPOINT WARNING * * *
The fire dragon claws you but does no damage.
The fire dragon tramples you but does no damage.
Your troll bites the vampire but does no damage.
Your troll claws the vampire! x2
A red film seems to cover your vision as you go berserk!
You feel yourself moving faster!
You feel mighty!
You feel somewhat more hungry.
Your troll bites the vampire but does no damage.
Your troll claws the vampire!
The vampire is destroyed!
Trog appreciates your killing of a magic user.
The fire dragon bites you.
* * * LOW HITPOINT WARNING * * *
The fire dragon claws you but does no damage.
The fire dragon tramples you but does no damage.
The ettin hits you with a great mace!!
* * * LOW HITPOINT WARNING * * *
The ettin hits you with a dire flail!
You die...

....## ####≈≈(...##
....... ##≈≈≈≈≈....#
#..... ##≈≈≈≈≈....## ≈
#....o #≈≈≈≈≈.....# ≈≈
...o. #≈≈≈≈......#
≈≈≈###Go###≈≈≈...^).##
..≈≈≈≈.o≈≈≈≈........#
.....≈GCD[.........##
......T@o.........##
................###
#............####
##############


You could see a fire dragon, an ettin, a giant orange brain, a giant orange
brain shaped shifter, 2 orc wizards, 3 orcs and a friendly troll (berserk).

Vanquished Creatures
  Josephine (Lair:6)
  An ice dragon (Lair:7)
  8 hydras
  The ghost of Gargoyl the Protected, a journeyman DsAK of Lugonu (Lair:1)
  An ogre mage (D:11)
  Erica (D:9)
  6 death yaks
  2 hill giants (D:11)
  The ghost of Kloppie the Cleaver, a novice HOBe of Trog (D:5)
  An ugly thing (D:11)
  2 griffons
  A salamander (Lair:6)
  3 cyclopes
  2 elephants
  A salamander (shapeshifter) (D:11)
  A centaur zombie (D:11)
  6 black mambas
  A torpor snail (Lair:7)
  10 spiny frogs
  The ghost of Tagedieb the Sneak, a novice OpAs (D:4)
  A rime drake (Lair:7)
  6 komodo dragons
  A tengu conjurer (D:12)
  A two-headed ogre (D:8)
  2 polar bears (Lair:7)
  12 blink frogs
  5 wraiths
  2 wyverns
  2 fire bats (Lair:5)
  33 yaks
  4 vampire mosquitoes (D:8)
  A hungry ghost (D:11)
  3 hippogriffs
  A soldier ant (D:11)
  3 nagas (Lair:3)
  11 water moccasins
  Duvessa (D:6)
  12 porcupines
  3 ice beasts
  4 sky beasts
  4 orc warriors
  3 black bears
  11 wolves (Lair:7)
  4 ogres
  6 phantoms
  4 centaurs
  18 crocodiles
  3 big kobolds (D:9)
  21 giant frogs
  A gnoll sergeant (D:10)
  Dowan (D:6)
  2 wyvern zombies
  6 scorpions
  3 wights (D:8)
  A howler monkey (D:5)
  4 electric eels
  4 crimson imps
  4 hounds
  6 jellies
  A quasit (D:5)
  A giant frog zombie (D:5)
  11 orc priests
  2 giant frog skeletons
  13 orc wizards
  Crazy Yiuf (D:3)
  Jessica (D:2)
  6 iguanas
  8 worker ants
  12 sheep
  A hound skeleton (D:11)
  A howler monkey zombie (D:6)
  A worker ant zombie (D:8)
  Robin (D:3)
  16 gnolls
  A howler monkey skeleton (D:5)
  11 adders
  54 river rats
  3 shadow imps
  2 white imps (Lair:7)
  2 oozes
  An adder skeleton (D:5)
  5 worms
  5 giant geckos
  34 orcs
  3 giant cockroaches
  14 goblins
  8 hobgoblins
  12 jackals
  6 quokkas
  2 ball pythons
  4 bats
  A giant gecko skeleton (D:7)
  A giant gecko zombie (D:5)
  5 giant newts
  A jackal zombie (D:6)
  7 kobolds
  4 rats
  A butterfly (Lair:1)
  A fire vortex (Lair:5)
  2 fungi
  4 plants
535 creatures vanquished.

Vanquished Creatures (collateral kills)
  A vampire (D:12)
  A porcupine (Lair:4)
2 creatures vanquished.

Vanquished Creatures (others)
  2 fungi
  2 plants
4 creatures vanquished.

Grand Total: 541 creatures vanquished

Notes
Turn   | Place    | Note
--------------------------------------------------------------
     0 | D:1      | Kloppie the Hill Orc Berserker began the quest for the Orb.
     0 | D:1      | Reached XP level 1. HP: 19/19 MP: 1/1
    63 | D:1      | Found a shattered altar of Ashenzari.
   244 | D:1      | Reached XP level 2. HP: 21/27 MP: 2/2
   600 | D:2      | Noticed Jessica
   618 | D:2      | Killed Jessica
   618 | D:2      | Reached skill level 5 in Axes
   618 | D:2      | Reached XP level 3. HP: 6/34 MP: 3/3
  1017 | D:2      | Reached XP level 4. HP: 31/41 MP: 4/4
  1132 | D:2      | Reached ** piety under Trog
  1200 | D:2      | Reached skill level 5 in Fighting
  1539 | D:2      | Reached skill level 6 in Axes
  1539 | D:2      | Reached XP level 5. HP: 30/48 MP: 5/5
  1952 | D:3      | Noticed Robin
  1991 | D:3      | Killed Robin
  2501 | D:3      | Noticed Crazy Yiuf
  2508 | D:3      | Killed Crazy Yiuf
  2508 | D:3      | Reached XP level 6. HP: 56/56 MP: 6/6
  2966 | D:3      | Reached skill level 7 in Axes
  2975 | D:3      | Reached *** piety under Trog
  3413 | D:4      | Noticed Tagedieb's ghost (novice OpAs)
  3512 | D:4      | Killed Tagedieb's ghost
  3512 | D:4      | Reached skill level 8 in Axes
  3512 | D:4      | Reached skill level 5 in Armour
  3512 | D:4      | Reached XP level 7. HP: 61/61 MP: 7/7
  3741 | D:4      | Reached skill level 9 in Axes
  3923 | D:4      | Reached XP level 8. HP: 59/68 MP: 8/8
  4208 | D:4      | Reached **** piety under Trog
  4651 | D:5      | Entered Level 5 of the Dungeon
  4682 | D:5      | Reached skill level 10 in Axes
  4915 | D:5      | Noticed Kloppie's ghost (novice HOBe)
  4944 | D:5      | Killed Kloppie's ghost
  4944 | D:5      | Reached skill level 11 in Axes
  4944 | D:5      | Reached XP level 9. HP: 50/81 MP: 9/9
  5143 | D:5      | Found an oddly glowing altar of Pakellas.
  5390 | D:5      | Got a smoking ring mail
  5401 | D:5      | Identified the +4 ring mail of the Nexus {rElec} (You found it on level 5 of the Dungeon)
  5402 | D:5      | Identified a +0 rod of clouds (12/12) (You found it on level 4 of the Dungeon)
  5635 | D:6      | Noticed Duvessa
  5635 | D:6      | Noticed Dowan
  5670 | D:6      | Killed Duvessa
  5676 | D:6      | Killed Dowan
  5771 | D:6      | Found Orissoesch's Weapon Shoppe.
  6581 | D:5      | Reached skill level 12 in Axes
  7070 | D:7      | Found a bloodstained altar of Trog.
  7105 | D:7      | Found a staircase to the Ecumenical Temple.
  7531 | D:7      | Reached skill level 10 in Fighting
  7621 | D:8      | Noticed a two-headed ogre
  7631 | D:8      | Killed a two-headed ogre
  7677 | D:8      | Reached XP level 10. HP: 48/94 MP: 10/10
  7910 | D:8      | Reached skill level 13 in Axes
  8651 | D:9      | Noticed a two-headed hydra
  8655 | D:9      | Killed a one-headed hydra
  8655 | D:9      | Reached skill level 14 in Axes
  8658 | D:9      | Reached ***** piety under Trog
  8854 | D:9      | Noticed Erica
  8865 | D:9      | Killed Erica
  8865 | D:9      | Reached XP level 11. HP: 105/105 MP: 11/11
  9084 | D:10     | Entered Level 10 of the Dungeon
  9133 | D:10     | Found a staircase to the Lair.
  9247 | D:10     | Found Ruadot's Antique Armour Boutique.
  9260 | D:10     | Reached skill level 15 in Axes
  9322 | D:10     | Bought a pair of warped gloves for 351 gold pieces
  9332 | D:10     | Identified the +1 pair of gloves "Jiupulan" {rElec} (You bought it in a shop on level 10 of the Dungeon)
  9744 | D:10     | Identified Vehumet's Volume of Arcane Weapons (You found it on level 10 of the Dungeon)
 10026 | Lair:1   | Entered Level 1 of the Lair of Beasts
 10528 | Lair:1   | Noticed Gargoyl's ghost (journeyman DsAK)
 10559 | Lair:1   | Killed Gargoyl's ghost
 10559 | Lair:1   | Reached skill level 16 in Axes
 10961 | Lair:1   | Received a gift from Trog
 11434 | Lair:1   | Reached XP level 12. HP: 72/113 MP: 4/12
 12229 | Lair:2   | Reached skill level 17 in Axes
 12480 | Lair:3   | Reached skill level 10 in Armour
 12747 | Lair:3   | Found a staircase to the Snake Pit.
 12812 | Lair:3   | Noticed a six-headed hydra
 12823 | Lair:3   | Killed a one-headed hydra
 12963 | Lair:3   | Received a gift from Trog
 13460 | Lair:3   | Found an oddly glowing altar of Pakellas.
 13621 | Lair:3   | Reached skill level 18 in Axes
 13787 | Lair:4   | Identified a scroll of acquirement
 13788 | Lair:4   | Got a faintly humming cloak
 13799 | Lair:4   | Identified the +0 cloak of the Game of Kings {+Inv rC+ Int+4 Dex-4} (You acquired it on level 4 of the Lair of Beasts)
 14487 | Lair:4   | Noticed a four-headed hydra
 14494 | Lair:4   | Killed a one-headed hydra
 14765 | Lair:5   | Received a gift from Trog
 14805 | Lair:5   | Noticed an eight-headed hydra
 14816 | Lair:5   | Killed a two-headed hydra
 14816 | Lair:5   | Reached XP level 13. HP: 55/119 MP: 13/13
 15810 | Lair:5   | Got a pitted broad axe
 15811 | Lair:5   | Identified the +5 broad axe of Nuolluant {freeze, *Corrode rPois rC+++ Dex-5} (You found it on level 5 of the Lair of Beasts)
 15912 | Lair:6   | Reached skill level 19 in Axes
 15922 | Lair:6   | Found a staircase to the Shoals.
 15970 | Lair:6   | Noticed Josephine
 15981 | Lair:6   | Killed Josephine
 17275 | Lair:7   | Received a gift from Trog
 17531 | Lair:7   | Reached skill level 20 in Axes
 17739 | Lair:7   | Reached XP level 14. HP: 132/132 MP: 14/14
 18395 | Lair:3   | Reached skill level 1 in Evocations
 18558 | D:11     | Found a large runed door.
 18558 | D:11     | Found a large runed door.
 18657 | D:11     | Received a gift from Trog
 18943 | D:11     | Reached skill level 15 in Fighting
 18943 | D:11     | Reached skill level 5 in Evocations
 18943 | D:11     | Reached XP level 15. HP: 141/141 MP: 15/18
 19077 | D:11     | Found a large runed door.
 19077 | D:11     | Found a large runed door.
 19673 | D:12     | Found a staircase to the Orcish Mines.
 19939 | D:12     | Slain by an ettin

Skill      XL: |  1  2  3  4  5  6  7  8  9 10 11 12 13 14 15 |
---------------+----------------------------------------------+-----
Fighting       | 4 5 8 10 12 14 15 16 | 16.0
Axes           | 5 6 8 9 11 12 14 16 18 20 | 20.3
Armour         | 3 5 6 9 11 12 | 12.8
Evocations     | 5 6 |  6.2
Dodging        | |  1.5

Action                   |  1- 3 |  4- 6 |  7- 9 | 10-12 | 13-15 || total
-------------------------+-------+-------+-------+-------+-------++-------
Melee: Hand axe          |    97 |   286 |   440 |    28 |    26 ||   877
       War axe           |       |       |    88 |   319 |       ||   407
       Battleaxe         |       |       |       |   261 |   374 ||   635
Invok: Berserk           |     1 |     5 |     4 |     3 |     3 ||    16
       Trog's Hand       |       |     1 |     2 |     3 |     2 ||     8
       Brothers in Arms  |       |       |       |       |     1 ||     1
  Use: Scroll            |       |       |     7 |    18 |     6 ||    31
       Potion            |       |       |       |       |     1 ||     1
  Eat: Chunk             |     1 |    13 |    14 |    16 |    20 ||    64
       Meat ration       |       |       |     1 |     1 |       ||     2
       Royal jelly       |       |       |       |     2 |     1 ||     3
Armor: Animal skin       |    21 |     2 |       |       |       ||    23
       Chain mail        |       |   151 |   141 |       |       ||   292
       Ring mail         |       |       |    74 |    80 |       ||   154
       Plate armour      |       |       |       |   261 |   237 ||   498
Dodge: Dodged            |    59 |   119 |   185 |   192 |   117 ||   672
